Map: Ruby Rock LE

Players

Elazer

  • Race: Zerg Zerg
  • League: Master
  • Spawn Location: 5:00

LiquidClem (Clem) - Winner!

  • Race: Terran Terran
  • League: Grandmaster
  • Spawn Location: 11:00

VOD

Have the link to the VOD?

Description

Time

  • Played on: Jan. 31, 2026, 9:27 a.m.
  • Length: 9:52
Show
View Real Time Build Order
Export as new Build Order

Elazer Zerg 

Build Orders: Hatch First 

Get SALT Encoding   

  12  0:00  Drone  
  13  0:07  Drone  
  14  0:15  Extractor, Drone  
  15  0:34  Hatchery  
  14  0:39  Extractor  
  14  0:40  Drone  
  15  0:46  Overlord  
  15  1:00  Spawning Pool  
  14  1:04  Drone  
  14  1:07  Drone  
  14  1:11  Drone  
  17  1:18  Drone, Extractor  
  17  1:27  Drone  
  18  1:37  Drone  
  19  1:47  Queen x2  
  19  1:49  Drone  
  19  1:53  Drone  
  25  1:58  Drone  
  25  1:59  Drone  
  27  2:07  Drone  
  28  2:09  Overlord  
  28  2:23  Lair  
  27  2:30  Drone x2  
  27  2:31  Queen  
  31  2:38  Overlord  
  31  2:41  Drone  
  32  2:46  Drone x2  
  34  2:54  Drone x2  
  36  3:00  Drone x3  
  36  3:05  Roach Warren  
  38  3:11  Overlord  
  38  3:12  Drone  
  39  3:14  Pneumatized Carapace  
  39  3:20  Overseer  
  39  3:23  Drone x2  
  39  3:26  Drone  
  42  3:27  Extractor, Drone x2  
  42  3:29  Drone  
  42  3:30  Drone  
  42  3:31  Drone  
  46  3:34  Drone  
  46  3:37  Drone  
  48  3:49  Hatchery  
  48  3:52  Overlord  
  48  3:54  Drone x3  
  48  3:55  Extractor  
  49  3:59  Drone x3  
  52  4:04  Extractor, Overlord  
  52  4:06  Drone  
  52  4:11  Glial Reconstitution  
  52  4:15  Drone x4  
  56  4:20  Overlord  
  56  4:22  Evolution Chamber  
  55  4:27  Roach  
  55  4:29  Overlord  
  57  4:32  Roach x2  
  57  4:37  Drone x3  
  64  4:39  Drone x2  
  66  4:45  Drone  
  66  4:49  Overlord, Zerg Melee Weapons Level 1  
  66  4:50  Metabolic Boost  
  67  4:56  Drone, Infestation Pit  
  67  4:59  Overlord  
  67  5:05  Drone x5  
  68  5:16  Drone x5  
  68  5:21  Drone  
  68  5:26  Drone  
  70  5:33  Overlord, Spore Crawler  
  70  5:34  Spore Crawler  
  68  5:38  Drone x2  
  68  5:41  Infestor x3  
  78  5:45  Roach x3  
  78  5:49  Hatchery  
  83  5:51  Roach  
  83  5:53  Overlord  
  83  5:55  Drone x4, Extractor  
  83  5:56  Drone  
  89  6:03  Overlord  
  89  6:04  Ravager  
  89  6:05  Ravager x3  
  89  6:06  Roach  
  89  6:08  Overlord  
  89  6:10  Overlord, Extractor  
  94  6:11  Roach  
  94  6:15  Roach x2  
  100  6:19  Roach x2  
  100  6:24  Overlord  
  104  6:31  Overlord  
  104  6:32  Roach x7  
  103  6:42  Overlord  
  103  6:43  Drone x5  
  103  6:45  Zerg Melee Weapons Level 2  
  108  6:47  Drone  
  108  6:49  Evolution Chamber  
  108  6:54  Drone x7  
  115  6:57  Ravager  
  115  7:00  Hive  
  116  7:04  Queen  
  116  7:05  Zergling x6  
  116  7:07  Ravager  
  122  7:13  Overseer  
  122  7:14  Zergling x8  
  126  7:18  Zergling x6  
  128  7:25  Zergling x14  
  128  7:28  Overlord  
  135  7:34  Drone x2  
  137  7:37  Overseer  
  137  7:41  Burrow  
  137  7:42  Zerg Ground Armor Level 1, Overlord  
  137  7:46  Zergling x6  
  137  7:47  Hatchery  
  137  7:48  Infestor  
  141  7:53  Overlord  
  140  7:59  Zergling x22  
  140  8:05  Overlord, Overseer x2  
  151  8:07  Drone x3  
  151  8:08  Spore Crawler  
  153  8:12  Adrenal Glands  
  153  8:15  Ultralisk Cavern  
  153  8:19  Drone  
  154  8:20  Drone x3  
  154  8:21  Zergling x10  
  160  8:32  Zergling x8  
  155  8:34  Infestor  
  155  8:36  Zergling x2  
  155  8:38  Overlord  
  155  8:43  Zergling x2  
  155  8:44  Zergling x2  
  143  8:51  Zergling x2  
  143  8:52  Zergling x10  
  149  9:00  Zergling x12  
  151  9:04  Infestor  
  151  9:08  Zergling x10  
  156  9:15  Infestor x2  
  156  9:17  Zergling x16  
  139  9:24  Zergling x6  
  131  9:34  Zergling x8  
Show
View Real Time Build Order
Export as new Build Order

LiquidClem Terran - Winner!

Build Orders: Reaper Expand 

Get SALT Encoding   

  12  0:00  SCV  
  13  0:12  SCV  
  14  0:16  Supply Depot  
  14  0:24  SCV  
  15  0:38  SCV  
  15  0:39  Barracks  
  15  0:42  Refinery  
  16  0:50  SCV  
  17  1:02  SCV  
  18  1:14  SCV  
  19  1:26  Reaper, Orbital Command  
  20  1:38  Command Center  
  20  1:46  Supply Depot  
  20  1:51  SCV  
  21  1:58  Marine  
  22  2:03  SCV  
  23  2:10  Factory  
  23  2:15  SCV  
  23  2:19  Barracks Reactor  
  24  2:28  SCV  
  25  2:36  Command Center  
  25  2:40  SCV  
  27  2:53  Orbital Command, SCV  
  27  2:58  Starport  
  27  3:00  Refinery  
  27  3:05  SCV  
  28  3:09  Hellion  
  32  3:13  Hellion  
  32  3:17  Barracks Tech Lab  
  32  3:18  SCV  
  32  3:19  SCV  
  34  3:30  SCV  
  34  3:32  SCV  
  36  3:42  Marine x2, SCV  
  36  3:43  Banshee  
  36  3:45  Barracks  
  36  3:47  SCV  
  43  3:49  Orbital Command  
  43  3:52  Factory Tech Lab  
  43  3:54  SCV  
  44  3:59  SCV  
  44  4:00  Marine x2  
  47  4:06  Supply Depot, SCV  
  48  4:11  SCV  
  48  4:14  Siege Tank  
  48  4:15  SCV  
  53  4:18  SCV  
  53  4:22  Marine x2, Refinery  
  53  4:23  SCV  
  57  4:27  SCV  
  57  4:30  SCV  
  59  4:35  SCV  
  59  4:36  Supply Depot  
  60  4:39  Stimpack, SCV, Marine  
  60  4:40  Marine x2  
  60  4:41  Starport Reactor, Refinery  
  60  4:43  SCV  
  65  4:46  Orbital Command  
  65  4:47  Engineering Bay  
  65  4:49  Engineering Bay  
  65  4:50  SCV  
  66  4:55  SCV  
  66  4:57  Supply Depot  
  66  4:58  Siege Tank  
  70  5:01  Marine  
  70  5:02  SCV  
  70  5:04  Marine  
  70  5:06  Marine  
  74  5:07  SCV  
  74  5:13  SCV  
  74  5:14  SCV  
  77  5:19  Medivac x2, SCV  
  80  5:24  Marine  
  80  5:25  Marine, SCV  
  83  5:29  Barracks, SCV, Supply Depot  
  83  5:30  Supply Depot  
  83  5:31  SCV  
  84  5:35  Marine  
  84  5:37  SCV  
  84  5:41  Terran Infantry Weapons Level 1, SCV  
  85  5:47  Terran Infantry Armor Level 1  
  85  5:51  Marine x2, SCV x2, Siege Tank  
  85  5:52  Supply Depot  
  85  5:53  SCV  
  85  5:54  Marine  
  85  5:56  Supply Depot  
  94  6:03  SCV x2  
  96  6:06  SCV  
  96  6:07  Barracks  
  96  6:08  Marine  
  96  6:09  Barracks  
  98  6:12  Supply Depot  
  98  6:15  SCV  
  98  6:17  Barracks Reactor  
  98  6:18  Marine  
  100  6:19  Combat Shield, SCV  
  100  6:20  SCV, Supply Depot  
  100  6:22  Marine  
  100  6:24  Siege Tank  
  105  6:27  SCV  
  104  6:32  Medivac  
  104  6:33  Medivac, Marine  
  104  6:34  SCV  
  104  6:36  Marine  
  104  6:38  SCV  
  104  6:39  Marine  
  104  6:42  Supply Depot, Refinery  
  104  6:43  Factory  
  104  6:46  SCV  
  106  6:47  Command Center  
  106  6:51  Marine  
  106  6:52  SCV  
  106  6:53  Marine x2  
  110  6:54  Supply Depot, Barracks Reactor  
  110  6:55  Sensor Tower  
  110  6:59  SCV  
  110  7:00  Armory  
  111  7:02  Marine  
  111  7:04  Barracks Tech Lab, Supply Depot  
  111  7:05  Marauder  
  114  7:13  Barracks x2  
  114  7:14  Barracks  
  114  7:15  Marine x3  
  115  7:18  Siege Tank  
  120  7:26  Medivac x2, Marine  
  120  7:28  Factory Reactor  
  120  7:29  Marine x2  
  121  7:30  Refinery  
  121  7:32  Marine x2, Concussive Shells  
  121  7:33  Marine  
  121  7:35  SCV x2  
  121  7:36  SCV, Marine  
  128  7:40  Marine  
  129  7:47  Drilling Claws, Marauder  
  129  7:48  Marauder, Supply Depot  
  133  7:51  Widow Mine  
  133  7:52  Marine x2  
  133  7:53  Marine x2  
  133  7:54  Marine  
  133  7:56  SCV  
  141  8:01  SCV, Barracks Tech Lab x2  
  141  8:02  Barracks Tech Lab, Marine  
  143  8:07  SCV  
  143  8:08  Supply Depot  
  143  8:09  Marauder  
  143  8:11  Marine x2  
  143  8:12  Marine x2  
  148  8:13  Marine  
  148  8:14  Widow Mine x3, Supply Depot x2  
  148  8:15  Marauder  
  159  8:20  Marine, SCV  
  159  8:23  SCV  
  159  8:24  Refinery  
  162  8:27  Planetary Fortress  
  162  8:29  SCV  
  162  8:30  Marauder  
  162  8:32  Marine, SCV  
  161  8:35  Marine x3  
  161  8:36  Marauder x3  
  161  8:37  Marauder  
  161  8:38  Marine  
  161  8:39  SCV  
  174  8:44  Marine  
  174  8:45  Widow Mine  
  175  8:50  Medivac  
  175  8:51  Marauder, Widow Mine  
  175  8:53  Marine x2  
  179  8:57  Marauder  
  179  8:58  Sensor Tower  
  179  8:59  Widow Mine  
  179  9:00  Marine x2  
  179  9:01  Marine  
  179  9:06  Widow Mine, Marine  
  179  9:07  Marine  
  179  9:09  Marauder  
  185  9:11  Medivac  
  185  9:13  Marine, Widow Mine  
  185  9:14  Marine, Command Center, Marauder  
  185  9:15  Marauder  
  185  9:16  Starport  
  195  9:19  SCV  
  195  9:20  Marine  
  195  9:21  Marine  
  195  9:22  Medivac  
  195  9:23  Marauder, Marine  
  190  9:25  Marauder  
  190  9:26  Marine  
  190  9:30  Marauder, Marine  
  190  9:31  Widow Mine  
  192  9:32  Marine  
Tags
 
Add a new tag
Caveats
  • Supply blocks, unpowered buildings, or Contaminate may cause inaccurate times.
  • Supply counts are checked every 10 seconds.